 Dungeon Crawl Stone Soup version 0.30.0-30-g96aa6591b8 (webtiles) character file.

Game seed: 18297012342163697139

123 rj54x the Poker (level 4, 0/41 HPs)
             Began as a Minotaur Berserker on June 29, 2023.
             Was a Believer of Trog.
             Slain by a scorpion (4 damage)
             ... on level 6 of the Dungeon.
             The game lasted 00:17:31 (2001 turns).

rj54x the Poker (Minotaur Berserker)                Turns: 2001, Time: 00:17:32

Health: 0/41       AC:  3    Str: 23    XL:     4   Next: 80%
Magic:  3/3        EV: 12    Int:  4    God:    Trog [**....]
Gold:   71         SH:  0    Dex: 10    Spells: 3/3 levels left

rFire   . . .        a - +0 spear
rCold   . . .        (no shield)
rNeg    . . .        d - +0 leather armour
rPois   .            (helmet restricted)
rElec   .            (no cloak)
rCorr   .            (no gloves)
SInv    .            (no boots)
Will    .....        (no amulet)
Stlth   +            (no ring)
HPRegen 0.26/turn    (no ring)
MPRegen 0.08/turn

%: no passive effects
@: lethally poisoned (0 -> -15)
A: horns 2, retaliatory headbutt
a: Renounce Religion, Berserk, Trog's Hand


You were on level 6 of the Dungeon.
You worshipped Trog.
Trog was pleased with you.
You visited 1 branch of the dungeon, and saw 5 of its levels.

You collected 71 gold pieces.

Inventory:

Hand Weapons
 a - a +0 spear (weapon)
 c - a +0 short sword
 e - a +0 sling
 f - a +0 spear
 i - a +0 whip
Missiles
 h - 5 poisoned darts (quivered)
Armour
 b - a +0 animal skin
 d - a +0 leather armour (worn)
 g - a +0 leather armour
Jewellery
 p - a ring of magical power
Wands
 n - a wand of paralysis (7)
Scrolls
 j - a scroll of brand weapon {unknown}
 m - a scroll of immolation {unknown}
 o - a scroll of identify {unknown}
Potions
 k - a potion of degeneration {unknown}
 l - a potion of attraction {unknown}


   Skills:
 + Level 4.7 Fighting
 + Level 5.0 Polearms
 + Level 3.1 Armour
 + Level 3.0 Dodging
 + Level 0.5 Stealth


You had 3 spell levels left.
You didn't know any spells.
Your spell library contained the following spells:

 Spells                   Type           Power      Damage    Failure   Level
 Ignite Poison            Fire/Tmut/Pois 0%         N/A       89%         3
 Sticky Flame             Conj/Fire      0%         2d3       100%        4
 Ignition                 Fire           0%         3d3       100%        8


Dungeon Overview and Level Annotations

Branches:
Dungeon (4/15)
 Temple: D:4-7

Altars:
Gozag

Shops:
D:4 !


Innate Abilities, Weirdness & Mutations

You have a pair of horns on your head.
You reflexively headbutt those who attack you in melee.


Message History

You hit the scorpion but do no damage. You headbutt the scorpion.
The scorpion is heavily wounded.
The scorpion stings you but does no damage.
You hit the scorpion but do no damage.
The scorpion is heavily wounded.
The scorpion stings you!
You hit the scorpion.
The scorpion is severely wounded.
The scorpion misses you. You furiously retaliate!
You headbutt the scorpion. You hit the scorpion but do no damage.
Your headbutt misses the scorpion.
The scorpion is severely wounded.
The scorpion stings you.
You are poisoned.
The scorpion poisons you!
You hit the scorpion but do no damage.
The scorpion is severely wounded.
You feel sick. The scorpion stings you.
You closely miss the scorpion.
The scorpion is severely wounded.
You feel sick.
You hit the scorpion but do no damage.
The scorpion is severely wounded.
You feel sick. The scorpion stings you.
The scorpion stings you but does no damage.
You are too injured to fight recklessly!
You are too injured to fight recklessly!
You are too injured to fight recklessly!
You are too injured to fight recklessly!
You feel sick. The scorpion stings you.
You are more poisoned.
The scorpion poisons you!
You feel sick. The scorpion barely misses you.
The scorpion attacks as you move away! The scorpion stings you!
* * * LOW HITPOINT WARNING * * *
You are lethally poisoned!
The scorpion poisons you!
* * * LOW HITPOINT WARNING * * *
You feel very sick. The scorpion attacks as you move away!
The scorpion stings you.
You die...

....#...# #
...#...# ##.
..#...# ....
.#...##
....####.....#
.............+
#####.....(...####
8$.#.....s@.....#
_.$.$.$.$.$.......
8$.#..............
#####..............
#.........#...#####
#.......[.#...#
...........#...#
...#....####...+ ..
#..... .#


You could see a scorpion.

Vanquished Creatures
  A scorpion (D:4)
  Robin (D:2)
  2 adders
  An orc (D:2)
  A bat (D:2)
  An endoplasm (D:3)
  A giant cockroach (D:4)
  10 goblins
  4 hobgoblins
  A kobold (D:1)
  3 ball pythons (D:2)
  7 rats (D:2)
33 creatures vanquished.

Notes
Turn   | Place    | Note
-------+----------+-------------------------------------------
     0 | D:1      | rj54x the Minotaur Berserker began the quest for the Orb.
     0 | D:1      | Reached XP level 1. HP: 19/19 MP: 0/0
   506 | D:2      | Reached skill level 4 in Polearms
   506 | D:2      | Reached XP level 2. HP: 17/27 MP: 1/1
   628 | D:2      | Noticed Robin
   639 | D:2      | Reached XP level 3. HP: 22/33 MP: 2/2
   641 | D:2      | Reached ** piety under Trog
   657 | D:2      | Killed Robin
  1849 | D:4      | Found Vasm's Distillery.
  1850 | D:4      | Noticed a scorpion
  1861 | D:4      | Killed a scorpion
  1862 | D:4      | Reached skill level 5 in Polearms
  1862 | D:4      | Reached XP level 4. HP: 41/41 MP: 3/3
  1978 | D:4      | You fall into a shaft and drop 2 floors!
  1984 | D:6      | Noticed a scorpion
  1985 | D:6      | Found an opulent altar of Gozag.
  2001 | D:6      | Slain by a scorpion

Illustrated notes

Levels and vault maps discovered:
D:1:      dpeg_arrival_snail, layout_basic, serial_shops, shop,
          nicolae_square_shop, shop, nicolae_shop_overgrown_old_shop
D:2:      layout_loops_ring, minmay_rat_gold_closets, uniq_robin
D:3:      layout_basic, minmay_box_of_dots
D:4:      layout_gridville, serial_shops, nicolae_square_shop
D:6:      layout_basic, grunt_gozag_breadcrumbs, kennysheep_little_box,
          minmay_temple_entry_enclosed_plants, chequers_serial_rivers_small_3

Skill      XL: |  1  2  3 |
---------------+----------+-----
Fighting       | 4 |  4.7
Polearms       | 4 5 |  5.0
Armour         | 3 |  3.1
Dodging        | 3 |  3.0
Stealth        | |  0.5

Action                     |  1- 3 |  4- 6 || total
---------------------------+-------+-------++-------
  Melee: Spear             |    73 |    17 ||    90
         Headbutt          |    11 |     1 ||    12
   Stab: Distracted        |     1 |       ||     1
 Armour: Leather armour    |    13 |     2 ||    15
         Animal skin       |     1 |       ||     1
  Dodge: Dodged            |    41 |    10 ||    51
